 Dungeon Crawl Stone Soup version 0.30-a0-860-g512cf1e979 (webtiles) character file.

Game seed: 3269348078597123280

7 Hubris850 the Grave Robber (level 1, 0/13 HPs)
             Began as a Demonspawn Necromancer on Mar 7, 2023.
             Slain by an endoplasm (3 damage)
             ... on level 1 of the Dungeon.
             The game lasted 00:00:57 (203 turns).

Hubris850 the Grave Robber (Demonspawn Necromancer)  Turns: 203, Time: 00:00:57

Health: 0/13       AC:  2    Str:  8    XL:     1   Next: 91%
Magic:  0/3        EV: 12    Int: 16    God:
Gold:   0          SH:  0    Dex: 13    Spells: 3/4 levels left

rFire   . . .      SeeInvis .    (no weapon)
rCold   . . .      Faith    .    (no shield)
rNeg    . . .      Spirit   .    a - +0 robe
rPois   .          Reflect  .    (no helmet)
rElec   .          Rampage  .    (no cloak)
rCorr   .                        (no gloves)
Will    .....                    (no boots)
Stlth   ++                       (no amulet)
HPRegen 0.22/turn                (no ring)
MPRegen 0.08/turn                (no ring)

@: very slightly contaminated
A: no striking features
a: no special abilities


You were on level 1 of the Dungeon.
You visited 1 branch of the dungeon, and saw 1 of its levels.

Inventory:

Armour
 a - a +0 robe (worn)
Scrolls
 c - a scroll of noise {unknown}
Potions
 b - a potion of magic
 d - a potion of curing {unknown}


   Skills:
 + Level 1.9 Dodging
 + Level 2.0 Stealth
 + Level 2.1 Spellcasting
 + Level 4.5 Necromancy


You had 3 spell levels left.
You knew the following spells:

 Your Spells              Type           Power      Damage    Failure   Level
a - Necrotise             Necr           64%        1d7       3%          1

Your spell library contained the following spells:

 Spells                   Type           Power      Damage    Failure   Level
 Vampiric Draining        Necr           16%        2d7       10%         3
 Animate Dead             Necr           16%        N/A       32%         4
 Agony                    Necr           16%        N/A       65%         5


Dungeon Overview and Level Annotations

Branches:
Dungeon (1/15)

Altars:

Shops:
D:1 *


Message History

The bat struggles to escape constriction.
The bat hits your ball python skeleton. x2
Your ball python skeleton bites the bat but does no damage.
Your ball python skeleton constricts the bat.
The bat hits your ball python skeleton.
The bat struggles to escape constriction.
The bat hits your rat skeleton.
Your ball python skeleton barely misses the bat.
Your ball python skeleton constricts the bat.
The bat hits your ball python skeleton. The bat hits your rat skeleton.
Your rat skeleton bites the bat but does no damage.
The bat hits your ball python skeleton.
Your ball python skeleton is destroyed!
The bat misses you.
Your rat skeleton bites the bat but does no damage.
The bat hits your rat skeleton. The endoplasm misses you.
You miscast Necrotise.
You are very lightly contaminated with residual magic.
Nothing appears to happen.
The bat hits your rat skeleton.
Your rat skeleton bites the bat but does no damage.
The endoplasm closely misses you.
You are out of magic!
You completely miss the endoplasm. The bat hits your rat skeleton.
The endoplasm freezes you.
You are frozen.
You hit the endoplasm.
The endoplasm is moderately wounded.
The bat hits your rat skeleton.
Your rat skeleton barely misses the bat.
The endoplasm freezes you.
You are frozen.
The bat hits your rat skeleton.
Your rat skeleton is destroyed!
You hit the endoplasm.
The endoplasm is heavily wounded.
The bat closely misses you. The bat misses you. The endoplasm hits you.
* * * LOW HITPOINT WARNING * * *
You hit the endoplasm but do no damage.
The endoplasm is heavily wounded.
The bat closely misses you. The endoplasm hits you.
You die...

#.###..#..##
###.#.. ......
..∩... .#..#
#.#.##.#..#
#......?..#
#(....[.#
#######....#..#
#.............#
##.######J@b#..#
#...#......## ##
#...#......#
##...#.......
#...######.###
##...# ...
#...## ## ##...#
##.).##


You could see an endoplasm and a bat.

Vanquished Creatures
  A dart slug (D:1)
  A ball python (D:1)
  A kobold (D:1)
  A bat (D:1)
  A goblin (D:1)
  A rat (D:1)
6 creatures vanquished.

Notes
Turn   | Place    | Note
-------+----------+-------------------------------------------
     0 | D:1      | Hubris850 the Demonspawn Necromancer began the quest for
                  | the Orb.
     0 | D:1      | Reached XP level 1. HP: 13/13 MP: 3/3
   190 | D:1      | Found Koesmaof's Assorted Antiques.
   203 | D:1      | Slain by an endoplasm

Illustrated notes

Levels and vault maps discovered:
D:1:      scummos_arrival_star, layout_basic, serial_curves, eino_curves_01,
          eino_curves_03, serial_shops, shop

Skill      XL: |  1 |
---------------+----+-----
Stealth        | 2 |  2.0
Dodging        | |  1.9
Spellcasting   | |  2.1
Necromancy     | |  4.5

Action                     || total
---------------------------++-------
  Melee: Unarmed           ||     4
   Cast: Necrotise         ||    11
 Armour: Robe              ||     1
  Dodge: Dodged            ||    10

Table legend: (Time is in decaauts)
 A = Elapsed time spent in this place.
 B = Non-inter-level travel time spent in this place.
 C = Inter-level travel time spent in this place.
 D = Time resting spent in this place.
 E = Time spent auto-exploring this place.
 F = Levels seen in this place.
 G = Mean time per level.
                   A        B        C        D        E       F      G
               +--------+--------+--------+--------+--------+-----+--------+
         Total |    203 |    203 |      0 |      0 |    157 |   1 |  203.0 |
       Dungeon |    203 |    203 |      0 |      0 |    157 |   1 |  203.0 |
               +--------+--------+--------+--------+--------+-----+--------+

Top non-repeatable levels by time:
     D:1: 203 daAuts
